 Dungeon Crawl Stone Soup version 0.19.4-9-g45fd643 (webtiles) character file.

127 Muumios the Skirmisher (level 4, -4/34 HPs)
             Began as a Mummy Artificer on Feb 16, 2017.
             Slain by baghtru's ghost (10 damage)
             ... on level 3 of the Dungeon.
             The game lasted 00:03:43 (1666 turns).

Muumios the Skirmisher (Mummy Artificer)            Turns: 1666, Time: 00:03:44

Health: -4/34      AC:  6    Str: 15    XL:     4   Next: 85%
Magic:  7/7        EV: 11    Int: 11    God:
Gold:   211        SH:  0    Dex: 12    Spells: 0 memorised, 7 levels left

rFire  x . .     SeeInvis .     k - +3 morningstar
rCold  + . .     Gourm    .     b - +2 leather armour
rNeg   + + +     Faith    .     (no shield)
rPois  ∞         Spirit   .     (no helmet)
rElec  .         Reflect  .     h - +0 cloak
rCorr  .         Harm     .     (no gloves)
MR     .....                    (no boots)
Stlth  +.........               (no amulet)
                                (no ring)
                                (no ring)

@: no status effects
A: no food or potions, fire vulnerability, cold resistance 1, negative energy
resistance 3, torment resistance, unbreathing
a: no special abilities


You were on level 3 of the Dungeon.
You were not hungry.

You visited 1 branch of the dungeon, and saw 3 of its levels.

You collected 211 gold pieces.

Inventory:

Hand Weapons
 a - a +0 short sword
 g - a +3 spear
 k - a +3 morningstar (weapon)
Missiles
 l - 6 steel javelins (quivered)
Armour
 b - a +2 leather armour (worn)
 h - a +0 cloak (worn)
Jewellery
 j - an uncursed ring of teleportation
Wands
 c - a wand of flame (6/48)
 d - a wand of enslavement (11/24)
 e - a wand of random effects (5/48)
Scrolls
 f - 2 scrolls of remove curse
 i - a scroll of fear


   Skills:
 + Level 2.9 Fighting
 - Level 0.7 Short Blades
 * Level 1.0 Maces & Flails
 - Level 1.0 Polearms
 - Level 1.5 Dodging
 - Level 0.7 Stealth
 + Level 2.4 Spellcasting
 - Level 2.4 Evocations


You had 7 spell levels left.
You didn't know any spells.

Dungeon Overview and Level Annotations

Branches:
Dungeon (3/15)

Altars:
Cheibriados
Okawaru
Zin

Annotations:
D:3 baghtru's ghost, amateur HOFi


Innate Abilities, Weirdness & Mutations

You do not eat or drink.
Your flesh is vulnerable to fire.
You are immune to poison.
Your flesh is cold resistant. (rC+)
You are immune to negative energy. (rN+++)
You are immune to unholy pain and torment.
You can survive without breathing.


Message History

Press: ? - help, Shift-Dir - straight line, f/p - baghtru's ghost
Aim: baghtru's ghost (lightly damaged, fast, chance to defeat MR: 46%) Baghtru's ghost resists with some effort.
This wand has 13 charges left.
Baghtru's ghost hits you.
Evoke which item? (* to show all) (? for menu, Esc to quit)
Zapping:
d - a wand of enslavement (13/24)
Press: ? - help, Shift-Dir - straight line, f/p - baghtru's ghost
Aim: baghtru's ghost (lightly damaged, fast, chance to defeat MR: 46%) Baghtru's ghost resists with some effort.
This wand has 12 charges left.
Baghtru's ghost hits you!
Ouch! That really hurt!
* * * LOW HITPOINT WARNING * * *
Baghtru's ghost hits you but does no damage.
Evoke which item? (* to show all) (? for menu, Esc to quit)
Zapping:
d - a wand of enslavement (12/24)
Press: ? - help, Shift-Dir - straight line, f/p - baghtru's ghost
Aim: baghtru's ghost (lightly damaged, fast, chance to defeat MR: 46%) Baghtru's ghost resists with some effort.
This wand has 11 charges left.
Baghtru's ghost hits you!
You die...

##. ### #.. #.## #
#.# ##..# ##
##.########...####.
#...........#...##.
#.........#####....
#.W................
#.@.......#######..
#.........#........
#...........####.##
##.#........##.....
#.#........#......
#.##.....#.#......
#.##.....#....._..
#.#..).....#......
#.#>.......#......


You could see baghtru's ghost.

Vanquished Creatures
  2 gnolls (D:1)
  4 adders
  3 worms
  3 leopard geckos
  A giant cockroach (D:1)
  2 goblins
  2 hobgoblins (D:2)
  7 jackals (D:1)
  4 kobolds
  4 bats
  A frilled lizard (D:1)
  4 rats
37 creatures vanquished.

Vanquished Creatures (others)
  An iguana (D:2)
1 creature vanquished.

Grand Total: 38 creatures vanquished

Notes
Turn   | Place    | Note
-------+----------+-------------------------------------------
     0 | D:1      | Muumios the Mummy Artificer began the quest for the Orb.
     0 | D:1      | Reached XP level 1. HP: 15/15 MP: 2/2
    70 | D:1      | Reached skill level 1 in Spellcasting
    70 | D:1      | Reached XP level 2. HP: 22/22 MP: 3/3
   309 | D:1      | Reached XP level 3. HP: 27/27 MP: 5/5
   944 | D:2      | Reached XP level 4. HP: 13/34 MP: 7/7
   961 | D:2      | Reached skill level 1 in Polearms
  1051 | D:2      | Found a snail-covered altar of Cheibriados.
  1131 | D:3      | Found an iron altar of Okawaru.
  1182 | D:3      | Found a glowing silver altar of Zin.
  1617 | D:3      | Reached skill level 1 in Maces & Flails
  1658 | D:3      | Noticed baghtru's ghost (amateur HOFi)
  1666 | D:3      | Slain by baghtru's ghost

Skill      XL: |  1  2  3  4 |
---------------+-------------+-----
Spellcasting   | 1 2 |  2.4
Fighting       | 2 |  2.9
Polearms       | 1 |  1.0
Maces & Flails | 1 |  1.0
Short Blades   | |  0.7
Dodging        | |  1.5
Stealth        | |  0.7
Evocations     | |  2.4

Action                   |  1- 3 |  4- 6 || total
-------------------------+-------+-------++-------
Melee: Short sword       |    32 |       ||    32
       Spear             |    29 |    10 ||    39
       Morningstar       |       |    37 ||    37
Evoke: Wand              |    16 |     7 ||    23
  Use: Scroll            |     3 |     5 ||     8
 Stab: Sleeping          |     1 |       ||     1
Armor: Leather armour    |    25 |    13 ||    38
Dodge: Dodged            |    43 |    33 ||    76
